Description

heya

Replay - Ever Dream LE (159)

Build Order

Get SALT Encoding   

  12  0:01  SCV  
  13  0:13  SCV  
  14  0:17  Supply Depot  
  14  0:25  SCV  
  14  0:27  Refinery  
  15  0:38  SCV  
  16  0:45  Barracks  
  16  0:50  SCV  
  16  0:56  Refinery  
  17  1:04  SCV  
  18  1:16  SCV  
  19  1:32  Factory  
  19  1:34  Orbital Command  
  19  1:36  Reaper  
  20  1:46  Supply Depot  
  20  2:00  SCV  
  21  2:09  Reaper  
  21  2:13  SCV  
  23  2:16  Hellion  
  25  2:25  Command Center  
  25  2:26  SCV  
  26  2:37  Hellion  
  26  2:41  Reaper  
  30  2:45  Supply Depot  
  30  2:53  Starport  
  31  2:59  Factory Tech Lab  
  32  3:17  Barracks Tech Lab  
  32  3:19  Cyclone  
  35  3:21  Refinery  
  36  3:37  Orbital Command  
  37  3:48  Barracks Reactor  
  38  4:04  Raven  
  38  4:09  Supply Depot  
  42  4:27  Marine x2, Siege Tank  
  49  4:31  Command Center  
  50  4:38  Supply Depot  
  51  4:46  Marine x2  
  51  4:51  Bunker  
  51  4:52  Raven  
  57  5:12  Marine x2  
  57  5:13  Siege Tank  
  64  5:25  Engineering Bay x2  
  65  5:30  Marine x2  
  68  5:48  Orbital Command  
  70  5:58  Siege Tank  
  70  6:02  Barracks  
  74  6:04  Starport Reactor  
  74  6:09  Barracks  
  74  6:10  Orbital Command  
  74  6:11  Marine  
  77  6:27  Refinery  
  77  6:31  Barracks x2  
  80  6:41  Marine  
  80  6:43  Siege Tank  
  91  7:02  Starport Reactor  
  98  7:18  Sensor Tower  
  98  7:21  Barracks Reactor x2  
Spawning Tool Build Advisor. Get it on Overwolf

Analysis

do build (no real analysis here)

Go to:

Details

  • Created by: WangGang
  • Published on: May 27, 2020
  • Modified on: May 27, 2020
  • Patch: 4.11.0
  • Difficulty: Hard
Show
View Real Time Build Order
Export as new Build Order

Comments (0)

There are no comments. Be the first!

Create an account to comment!